 Dungeon Crawl Stone Soup version 0.30-a0-723-gc1506a1cf0 (webtiles) character file.

Game seed: 14838597529386672347

205 Newt the Trooper (level 5, 0/52 (63) HPs)
             Began as a Demonspawn Gladiator on Jan 28, 2023.
             Succumbed to a kobold's poison
             ... in a sewer.
             The game lasted 00:03:36 (2757 turns).

Newt the Trooper (Demonspawn Gladiator)             Turns: 2757, Time: 00:03:36

HP:   0/52 (63)     AC: 22    Str: 17    XL:     5   Next: 52%
MP:   5/5           EV:  2    Int: 15    God:
Gold: 100           SH:  0    Dex: 14    Spells: 1/4 levels left

rFire   . . .      SeeInvis .    k - +4 whip
rCold   . . .      Faith    .    (no shield)
rNeg    . . .      Spirit   .    (body armour currently unavailable)
rPois   +          Reflect  .    (helmet currently unavailable)
rElec   .          Harm     .    (cloak currently unavailable)
rCorr   .          Rampage  .    (gloves currently unavailable)
Will    .....      NoTele   +    (boots currently unavailable)
Stlth   ++                       (no amulet)
HPRegen 0.28/turn                (no ring)
MPRegen 0.09/turn                (no ring)

@: lethally poisoned (0 -> -1), tree-form (expiring), attractive, heavily
drained
A: stationary, stasis, torment immunity, boosted hp, big brain 3
a: no special abilities


You were in a sewer.
You were a tree.
You visited 1 branch of the dungeon, and saw 3 of its levels.
You also visited: Sewer.

You collected 100 gold pieces.

Inventory:

Hand Weapons
 a - a +0 rapier
 h - a +2 whip of electrocution
 k - a +4 whip (weapon)
Missiles
 d - 2 throwing nets (quivered)
 g - 6 boomerangs
 j - 4 curare-tipped darts
Armour
 b - a +0 leather armour (melded)
 c - a +0 helmet (melded)
 m - a +0 cloak (melded)
Potions
 i - a potion of degeneration


   Skills:
 - Level 4.0 Fighting
 - Level 2.6 Short Blades
 + Level 3.0 Maces & Flails
 - Level 1.7 Throwing
 - Level 2.6 Dodging
 - Level 2.0 Stealth


You had one spell level left.
You knew the following spells:

 Your Spells              Type           Power      Damage    Failure   Level
a - Frozen Ramparts       Ice            0%         1d1       32%         3

Your spell library contained the following spells:

 Spells                   Type           Power      Damage    Failure   Level
 Ensorcelled Hibernation  Hex/Ice        0%         N/A       16%         2
 Passwall                 Tmut/Erth      0%         N/A       16%         2
 Swiftness                Air            0%         N/A       32%         3
 Ice Form                 Ice/Tmut       0%         N/A       69%         4
 Summon Ice Beast         Ice/Summ       0%         N/A       69%         4


Dungeon Overview and Level Annotations

Branches:
Dungeon (3/15)              Sewer (1/1)

Altars:

Shops:
D:3 (


Innate Abilities, Weirdness & Mutations

You are a tree.
Your roots penetrate the ground, keeping you stationary.
You cannot be teleported.
You are immune to unholy pain and torment.
Your maximum health is greatly increased.
Your equipment is partially melded.
You have an absolutely massive brain. (Int +6, Wiz)


Message History

* * * LOW HITPOINT WARNING * * *
The kobold brigand hits you with a +0 whip.
* * * LOW HITPOINT WARNING * * *
The kobold hits you with a +1 short sword of venom.
* * * LOW HITPOINT WARNING * * *
Throw: javelin
Press: ? - help, Shift-Dir - straight line, f - kobold brigand
Aim: a kobold brigand, wielding a +0 dagger and quivering poisoned darts (53% to hit)
You throw a javelin.
The javelin pierces through the kobold brigand.
The kobold brigand is moderately wounded.
You hear a splash.
* * * LOW HITPOINT WARNING * * *
You feel sick.
The kobold brigand hits you but does no damage. x2
The kobold hits you but does no damage.
The kobold brigand hits you but does no damage.
The kobold hits you but does no damage.
The kobold brigand hits you but does no damage.
You hit the kobold.
You kill the kobold!
* * * LOW HITPOINT WARNING * * *
You feel sick. The kobold brigand barely misses you.
The kobold brigand hits you but does no damage.
Really quaff the potion of attraction?
You feel attractive to monsters.
* * * LOW HITPOINT WARNING * * *
You feel sick. The kobold hits you but does no damage.
The kobold brigand hits you but does no damage. x2
You aren't carrying any pieces of jewellery.
Unknown command.
Okay, then.
You barely miss the kobold brigand.
The kobold brigand is moderately wounded.
* * * LOW HITPOINT WARNING * * *
You feel sick. The kobold hits you but does no damage.
The kobold brigand hits you but does no damage. x2
You hit the kobold brigand.
The kobold brigand is heavily wounded.
You die...

≈≈≈≈≈≈≈ ≈≈≈ ≈≈≈
####### ### ###
#..#..# #!.#!.#
#.....##≈# ?....
##...##≈#≈# ##...##
#.....##≈#≈# #..K..#
#..)).#≈#≈#≈##.KKK.#
###'####≈#≈#≈###K###
#....≈≈≈≈≈≈≈≈≈~K♣K.#
#...~≈≈≈≈≈≈≈≈~~....#
.....≈≈≈≈≈≈≈≈.....##
.....≈≈≈≈≈≈≈≈#....#
#...~≈≈≈≈≈≈≈##....#
#....≈≈≈≈≈≈≈#.....#
#...~≈≈≈≈≈≈≈......#
....~≈≈≈≈≈≈~.....##
....~.≈≈≈≈≈~....##


You could see 2 kobold brigands and 5 kobolds.

Vanquished Creatures
  3 gnolls (D:2)
  7 adders
  3 river rats (Sewer)
  A worm (D:3)
  6 endoplasms
  3 giant cockroaches (D:1)
  3 goblins
  6 hobgoblins
  14 kobolds
  4 quokkas
  5 ball pythons
  9 bats
  5 frilled lizards
  18 rats
87 creatures vanquished.

Vanquished Creatures (others)
  21 plants (D:2)
21 creatures vanquished.

Grand Total: 108 creatures vanquished

Notes
Turn   | Place    | Note
-------+----------+-------------------------------------------
     0 | D:1      | Newt the Demonspawn Gladiator began the quest for the Orb.
     0 | D:1      | Reached XP level 1. HP: 16/16 MP: 1/1
    52 | D:1      | Reached skill level 1 in Stealth
   135 | D:1      | Gained mutation: You have an unusually large brain. (Int
                  | +2) [demonic ancestry]
   135 | D:1      | Reached XP level 2. HP: 22/22 MP: 2/2
   582 | D:1      | Gained mutation: You have an extremely huge brain. (Int +4)
                  | [demonic ancestry]
   582 | D:1      | Reached XP level 3. HP: 27/28 MP: 3/3
   928 | D:2      | Reached skill level 3 in Fighting
  1354 | D:2      | Reached XP level 4. HP: 37/37 MP: 4/4
  1475 | D:2      | Reached skill level 4 in Fighting
  1480 | D:2      | Reached skill level 1 in Maces & Flails
  1971 | D:3      | Found Kilot's Antique Weapon Boutique.
  2103 | D:3      | Found a glowing drain.
  2113 | D:3      | Gained mutation: You have an absolutely massive brain. (Int
                  | +6, Wiz) [demonic ancestry]
  2113 | D:3      | Reached XP level 5. HP: 42/42 MP: 5/5
  2121 | Sewer    | Entered a sewer
  2126 | Sewer    | Learned a level 3 spell: Frozen Ramparts
  2737 | Sewer    | HP: 2/40 [kobold brigand/+0 dagger (5)]
  2754 | Sewer    | HP: 2/52 [poisoned by a kobold]
  2757 | Sewer    | Succumbed to a kobold's poison

Illustrated notes

Levels and vault maps discovered:
D:1:      minmay_arrival_checkered_box, layout_rooms, nrook_mini_backslash,
          minmay_misc_feat_tiny, minmay_misc_feat_iff, minmay_door_square,
          ebering_dispersal_statue_hall
D:2:      layout_basic, minmay_misc_feat_cross, serial_bayou_pond_c,
          nicolae_grassy_gnolls
D:3:      minmay_general_purpose_star, layout_loops_ring, serial_shops, shop,
          cheibrodos_sewer_entry_drain
Sewer:    sewer_minmay_treatment

Skill      XL: |  1  2  3  4  5 |
---------------+----------------+-----
Stealth        | 1 2 |  2.0
Fighting       | 3 4 |  4.0
Maces & Flails | 2 3 |  3.0
Short Blades   | |  2.6
Throwing       | |  1.7
Dodging        | |  2.6

Action                     |  1- 3 |  4- 6 || total
---------------------------+-------+-------++-------
  Melee: Rapier            |    21 |       ||    21
         Whip              |   101 |   157 ||   258
         Punch             |     1 |     3 ||     4
  Throw: Throwing net      |       |     1 ||     1
         Javelin           |       |     1 ||     1
    Use: Scroll            |     1 |     4 ||     5
         Potion            |       |     6 ||     6
   Stab: Sleeping          |     2 |     2 ||     4
         Held in net/web   |       |     1 ||     1
 Armour: Leather armour    |    60 |    52 ||   112
         Skin              |       |    47 ||    47
  Dodge: Dodged            |   101 |   112 ||   213

Table legend: (Time is in decaauts)
 A = Elapsed time spent in this place.
 B = Non-inter-level travel time spent in this place.
 C = Inter-level travel time spent in this place.
 D = Time resting spent in this place.
 E = Time spent auto-exploring this place.
 F = Levels seen in this place.
 G = Mean time per level.
                   A        B        C        D        E       F      G
               +--------+--------+--------+--------+--------+-----+--------+
         Total |   2782 |   2697 |     85 |    582 |   1496 |   4 |  695.5 |
       Dungeon |   2139 |   2054 |     85 |    369 |   1224 |   3 |  713.0 |
         Sewer |    643 |    643 |      0 |    213 |    272 |   1 |  643.0 |
               +--------+--------+--------+--------+--------+-----+--------+

Top non-repeatable levels by time:
     D:2: 1148 daAuts
     D:1: 839 daAuts
   Sewer: 643 daAuts
     D:3: 151 daAuts
